 Dungeon Crawl Stone Soup version 0.28-a0-1505-g8c907de6ad (webtiles) character file.

Game seed: 382954427030426412

169 sanka the Caller (level 5, 0/37 HPs)
             Began as a Gnoll Summoner on Jan 13, 2022.
             Slain by Duvessa (7 damage)
             ... on level 4 of the Dungeon.
             The game lasted 00:04:43 (4028 turns).

sanka the Caller (Gnoll Summoner)                   Turns: 4028, Time: 00:04:43

Health: 0/37       AC:  4    Str:  7    XL:     5   Next: 50%
Magic:  8/12       EV: 13    Int: 16    God:
Gold:   132        SH:  0    Dex: 13    Spells: 8/14 levels left

rFire   . . .      SeeInvis .   n - +4 quarterstaff (chaos)
rCold   . . .      Faith    .   (shield currently unavailable)
rNeg    . . .      Spirit   .   a - +0 robe
rPois   .          Reflect  .   (no helmet)
rElec   .          Harm     .   m - +0 cloak
rCorr   .          Rampage  .   (no gloves)
Will    .....                   h - +0 pair of boots
Stlth   +++.......              o - amulet of magic regeneration
HPRegen 0.12/turn               (no ring)
MPRegen 0.53/turn               (no ring)

@: no status effects
A: fangs 1, strong nose, distributed training
a: no special abilities


You were on level 4 of the Dungeon.
You visited 1 branch of the dungeon, and saw 4 of its levels.

You collected 132 gold pieces.


Innate Abilities, Weirdness & Mutations

You have very sharp teeth.
Your uncanny sense of smell can sniff out nearby items.
Your experience applies equally to all skills.


   Skills:
 + Level 1.5 Fighting
 + Level 1.5 Short Blades
 + Level 1.5 Long Blades
 + Level 1.5 Axes
 + Level 1.5 Maces & Flails
 + Level 1.5 Polearms
 + Level 1.5 Staves
 + Level 1.5 Slings
 + Level 1.5 Bows
 + Level 1.5 Crossbows
 + Level 1.5 Throwing
 + Level 1.5 Armour
 + Level 4.8 Dodging
 + Level 4.4 Stealth
 + Level 1.5 Shields
 + Level 1.5 Unarmed Combat
 + Level 5.2 Spellcasting
 + Level 1.2 Conjurations
 + Level 1.2 Hexes
 + Level 7.2 Summonings
 + Level 1.2 Necromancy
 + Level 1.2 Translocations
 + Level 1.2 Transmutations
 + Level 1.2 Fire Magic
 + Level 1.2 Ice Magic
 + Level 1.2 Air Magic
 + Level 1.2 Earth Magic
 + Level 1.2 Poison Magic
 + Level 1.7 Invocations
 + Level 1.5 Evocations


You had 8 spell levels left.
You knew the following spells:

 Your Spells              Type           Power      Damage    Failure   Level
c - Call Canine Familiar  Summ           27%        N/A       2%          3
x - Call Imp              Summ           27%        N/A       1%          2
z - Summon Small Mammal   Summ           100%       N/A       1%          1

Your spell library contained the following spells:

 Spells                   Type           Power      Damage    Failure   Level
 Summon Guardian Golem    Hex/Summ       17%        N/A       8%          3
 Blink                    Tloc           16%        N/A       14%         2
 Summon Lightning Spire   Summ/Air       17%        N/A       26%         4
 Sticky Flame             Conj/Fire      8%         2d3       65%         4
 Blade Hands              Tmut           4%         N/A       94%         5
 Irradiate                Conj/Tmut      4%         3d15      94%         5
 Dispersal                Tloc           4%         N/A       100%        6
 Dragon Form              Tmut           4%         N/A       100%        7
 Disjunction              Tloc           4%         N/A       100%        8

Inventory:

Hand Weapons
 g - a +0 trident
 n - a +4 quarterstaff of chaos (weapon)
 u - a +1 dagger of draining
Missiles
 k - 2 throwing nets {=f}
 r - 2 curare-tipped darts {=f}
Armour
 a - a +0 robe (worn)
 h - a +0 pair of boots (worn)
 m - a +0 cloak (worn)
Jewellery
 o - an amulet of magic regeneration (around neck)
Wands
 v - a wand of flame (20)
Scrolls
 b - a scroll of blinking {unknown}
 d - 2 scrolls of magic mapping {unknown}
 e - a scroll of teleportation {unknown}
 j - 3 scrolls of brand weapon {unknown}
 p - a scroll of fear {unknown}
 q - a scroll of amnesia {unknown}
 s - a scroll of identify {unknown}
 t - a scroll of vulnerability {unknown}
Potions
 c - a potion of degeneration {unknown}
 f - a potion of flight {unknown}
 i - a potion of magic {unknown}
 l - 2 potions of curing {unknown}

Dungeon Overview and Level Annotations

Branches:
Dungeon (4/15)
 Temple: D:4-7

Altars:
Nemelex Xobeh

Annotations:
D:4 Dowan, Duvessa

▒▒▒▒.......▒
▒....▒..▒ ▒▒▒▒▒
▒....▒▒▒▒
▒▒...▒▒▒.....▒
▒.......▒....▒
▒▒............▒
▒.5.h.........▒
▒.e...........▒▒
▒▒g............▒
▒.e...........▒
▒.............▒
▒.............▒
▒.......▒......▒
▒▒.....<.▒.....▒
▒...▒▒▒.......
▒.▒▒▒ ▒▒..... ▒▒
▒▒...


You could see Duvessa, Dowan (ally target), a friendly hound (summoned) and a
friendly white imp (summoned).


Message History

Duvessa shouts!
Dowan points at you and mumbles some strange words.
The puff of flame hits you. Dowan gestures at you while chanting.
The puff of flame hits you!
You are no longer glowing.
There is a stone staircase leading up here.
Unknown command.
Dowan gestures wildly while chanting.
Dowan blinks!
You climb upwards.
There is a stone staircase leading down here.
Unknown command.
You start resting.
HP restored.
You climb downwards.
Level annotation: Dowan, Duvessa Duvessa hits you with a +0 short sword.
There is a stone staircase leading up here.
Unknown command.
A beastly little devil appears in a puff of frigid air.
Duvessa hits you with a +0 short sword! Dowan gestures at you while chanting.
The puff of flame hits you!
* * * LOW HITPOINT WARNING * * *
Duvessa hits you with a +0 short sword!
* * * LOW HITPOINT WARNING * * *
Unknown command.
Duvessa hits you with a +0 short sword!
You die...

Action                   |  1- 3 |  4- 6 || total
-------------------------+-------+-------++-------
Melee: Unarmed           |    62 |       ||    62
       Bite              |    11 |     3 ||    14
       Trident           |    48 |       ||    48
       Punch             |     1 |       ||     1
       Quarterstaff      |       |    57 ||    57
 Cast: Summon Small Mamm |    31 |       ||    31
       Call Imp          |     8 |     3 ||    11
       Call Canine Famil |       |     1 ||     1
 Stab: Distracted        |     2 |       ||     2
       Sleeping          |     5 |     5 ||    10
Armor: Robe              |    18 |    12 ||    30
Dodge: Dodged            |    76 |    33 ||   109

Levels and vault maps discovered:
D:1:      mrwooster_arrival_arrow, layout_basic
D:2:      layout_rooms, uniq_crazy_yiuf_cottage
D:3:      layout_loops_ring, marbit_many_paths,
          ebering_ecumenical_altar_petrified, hangedman_decor_diamond_cutter,
          amcnicky_mini_pool_small
D:4:      layout_cave_pods, gammafunk_ghost_necromancy, skrybe_limestone_x,
          nicolae_grassy_gnolls, uniq_duvessa

Notes
Turn   | Place    | Note
-------+----------+-------------------------------------------
     0 | D:1      | sanka the Gnoll Summoner began the quest for the Orb.
     0 | D:1      | Reached XP level 1. HP: 13/13 MP: 6/6
   292 | D:1      | Reached XP level 2. HP: 19/19 MP: 7/7
   309 | D:1      | Learned a level 2 spell: Call Imp
  1266 | D:2      | Reached skill level 5 in Spellcasting
  1266 | D:2      | Reached XP level 3. HP: 13/25 MP: 6/9
  1689 | D:2      | Found a runed translucent door.
  1690 | D:2      | Noticed Crazy Yiuf
  1770 | D:2      | Reached skill level 1 in Invocations
  1890 | D:2      | Reached skill level 1 in Fighting
  1890 | D:2      | Reached skill level 1 in Short Blades
  1890 | D:2      | Reached skill level 1 in Long Blades
  1890 | D:2      | Reached skill level 1 in Axes
  1890 | D:2      | Reached skill level 1 in Maces & Flails
  1890 | D:2      | Reached skill level 1 in Polearms
  1890 | D:2      | Reached skill level 1 in Staves
  1890 | D:2      | Reached skill level 1 in Slings
  1890 | D:2      | Reached skill level 1 in Bows
  1890 | D:2      | Reached skill level 1 in Crossbows
  1890 | D:2      | Reached skill level 1 in Throwing
  1890 | D:2      | Reached skill level 1 in Armour
  1890 | D:2      | Reached skill level 1 in Shields
  1890 | D:2      | Reached skill level 1 in Unarmed Combat
  1890 | D:2      | Reached skill level 1 in Evocations
  2267 | D:2      | HP: 2/26 [poisoned by Crazy Yiuf]
  2270 | D:2      | Killed Crazy Yiuf
  2271 | D:2      | Reached XP level 4. HP: 3/32 MP: 1/11
  2638 | D:3      | Reached skill level 1 in Conjurations
  2638 | D:3      | Reached skill level 1 in Hexes
  2638 | D:3      | Reached skill level 1 in Necromancy
  2638 | D:3      | Reached skill level 1 in Translocations
  2638 | D:3      | Reached skill level 1 in Transmutations
  2638 | D:3      | Reached skill level 1 in Fire Magic
  2638 | D:3      | Reached skill level 1 in Ice Magic
  2638 | D:3      | Reached skill level 1 in Air Magic
  2638 | D:3      | Reached skill level 1 in Earth Magic
  2638 | D:3      | Reached skill level 1 in Poison Magic
  2641 | D:3      | Reached XP level 5. HP: 16/37 MP: 10/12
  2865 | D:3      | Found a sparkling altar of Nemelex Xobeh.
  2914 | D:3      | Found a faded altar of an unknown god.
  3232 | D:3      | Learned a level 3 spell: Call Canine Familiar
  3948 | D:4      | Noticed Dowan
  3951 | D:4      | Got the Papyrus of Quantum Flames
  3954 | D:4      | Noticed Duvessa
  4028 | D:4      | Slain by Duvessa

Vanquished Creatures
  An adder (D:2)
  2 worms (D:2)
  4 dart slugs
  8 orcs (D:3)
  4 endoplasms
  A giant cockroach (D:2)
  6 goblins
  2 hobgoblins
  7 kobolds
  A quokka (D:3)
  3 ball pythons
  3 bats
  4 frilled lizards
  A rat (D:2)
47 creatures vanquished.

Vanquished Creatures (collateral kills)
  An orc priest (D:3)
  Crazy Yiuf (D:2)
  An adder (D:3)
  A worm (D:2)
  An orc (D:3)
  A ball python (D:1)
  An endoplasm (D:3)
  A giant cockroach (D:1)
  A hobgoblin (D:1)
  2 quokkas (D:1)
  5 bats (D:1)
  A frilled lizard (D:2)
  2 goblins
  3 rats (D:1)
22 creatures vanquished.

Grand Total: 69 creatures vanquished
